 Dungeon Crawl Stone Soup version 0.22-a0-422-g9628fc8 (webtiles) character file.

1796 stupendous the Carver (level 9, -6/69 HPs)
             Began as a Formicid Fighter on Apr 1, 2018.
             Mangled by THUG4L1F3's ghost (17 damage)
             ... on level 6 of the Dungeon on May 19, 2018.
             The game lasted 00:22:48 (6458 turns).

stupendous the Carver (Formicid Fighter)            Turns: 6458, Time: 00:22:48

Health: -6/69      AC:  7    Str: 21    XL:     9   Next: 30%
Magic:  9/9        EV:  8    Int:  8    God:
Gold:   439        SH: 10    Dex: 13    Spells: 8/8 levels left

rFire    + . .     SeeInvis +   a - +0 long sword
rCold    . . .     Gourm    .   c - +0 shield
rNeg     . . .     Faith    .   b - +0 scale mail
rPois    .         Spirit   .   (helmet unavailable)
rElec    .         Reflect  .   (no cloak)
rCorr    .         Harm     .   (no gloves)
MR       +....                  (no boots)
Stlth    ..........             (no amulet)
HPRegen  0.21/turn              y - ring of protection from fire
MPRegen  0.11/turn              t - ring of protection from magic

@: no status effects
A: permanent stasis, dig shafts and tunnels, four strong arms, antennae 3
a: Dig, Shaft Self


You were on level 6 of the Dungeon.
You were very hungry.

You visited 1 branch of the dungeon, and saw 6 of its levels.
You also visited: Sewer.

You collected 439 gold pieces.

Inventory:

Hand Weapons
 a - a +0 long sword (weapon)
Armour
 b - a +0 scale mail (worn)
 c - a +0 shield (worn)
Jewellery
 l - an uncursed ring of magical power
 m - an uncursed ring of wizardry
 q - an uncursed ring of ice
 t - a ring of protection from magic (right hand)
 y - a ring of protection from fire (left hand)
 z - an uncursed ring of resist corrosion {unknown}
Wands
 v - a wand of polymorph (4)
 B - a wand of paralysis (13)
Scrolls
 g - 7 scrolls of identify
 h - 2 scrolls of fog
 k - a scroll of fear {unknown}
 o - 3 scrolls of remove curse
 A - a scroll of enchant weapon {unknown}
 D - a scroll of enchant armour {unknown}
Potions
 d - a potion of might
 e - 4 potions of haste {unknown}
 i - a potion of cancellation {unknown}
 j - a potion of brilliance {unknown}
 n - a potion of agility {unknown}
 p - a potion of resistance {unknown}
 r - a potion of lignification {unknown}
 u - a potion of berserk rage {unknown}
 w - 6 potions of curing {unknown}
 x - 2 potions of heal wounds
 C - 2 potions of degeneration {unknown}
Comestibles
 f - 8 rations


   Skills:
 - Level 6.0 Fighting
 + Level 8.7 Long Blades
 - Level 6.0 Armour
 - Level 6.1 Shields


You had 8 spell levels left.
You didn't know any spells.
Your spell library was empty.

Dungeon Overview and Level Annotations

Branches:
Dungeon (6/15)
 Temple: D:4-7

Altars:
Xom
The Shining One

Annotations:
D:6 THUG4L1F3's ghost, novice DsGl


Innate Abilities, Weirdness & Mutations

You cannot be hasted, slowed, berserked, paralysed or teleported.
You can dig through walls and to a lower floor.
Your four strong arms can wield two-handed weapons with a shield.
You have a pair of large antennae on your head. (SInv)


Message History

You miss THUG4L1F3's ghost.
THUG4L1F3's ghost is lightly damaged.
THUG4L1F3's ghost hits you.
You miss THUG4L1F3's ghost.
THUG4L1F3's ghost is lightly damaged.
THUG4L1F3's ghost hits you!
You barely miss THUG4L1F3's ghost.
THUG4L1F3's ghost is lightly damaged.
THUG4L1F3's ghost hits you.
Your scale mail prevents you from hitting THUG4L1F3's ghost.
THUG4L1F3's ghost is lightly damaged.
THUG4L1F3's ghost hits you!
You closely miss THUG4L1F3's ghost.
THUG4L1F3's ghost is lightly damaged.
THUG4L1F3's ghost hits you!
* * * LOW HITPOINT WARNING * * *
THUG4L1F3's ghost hits you.
* * * LOW HITPOINT WARNING * * *
THUG4L1F3's ghost hits you!
You die...

#..............#
#....##p..###..####
#....##...####'##..
#...##)....#...(..
#...##.....'..)...
{
#..........#......
#...##...#######..
#W..##'#####..##..
#@..#.....#.......
#...+.....#.......
#...#.....#.......
#....#...##...(.?.
#....#####........
####)# #....##..
### #######.. #...
#...


You could see THUG4L1F3's ghost.

Vanquished Creatures
  The ghost of ShutUppercut the Cleaver, a novice HOMo of Beogh (D:5)
  2 humans (D:5)
  A necrophage (D:5)
  2 ogres
  A crocodile (Sewer)
  3 scorpions
  A howler monkey (D:4)
  A crimson imp (D:5)
  2 hounds
  A jelly (D:5)
  A bullfrog skeleton (D:5)
  2 orc priests
  An orc wizard (D:4)
  An iguana (D:4)
  3 worker ants
  A howler monkey skeleton (D:5)
  12 gnolls
  8 adders
  2 river rats (D:5)
  2 shadow imps
  An adder zombie (D:5)
  A worm (D:3)
  3 dart slugs
  5 leopard geckos
  21 orcs
  10 giant cockroaches
  6 goblins
  7 hobgoblins
  A quokka (D:4)
  3 ball pythons
  13 bats
  9 frilled lizards
  A jackal skeleton (D:4)
  13 kobolds
  A quokka skeleton (D:4)
  12 rats
155 creatures vanquished.

Notes
Turn   | Place    | Note
-------+----------+-------------------------------------------
     0 | D:1      | stupendous the Formicid Fighter began the quest for the Orb.
     0 | D:1      | Reached XP level 1. HP: 18/18 MP: 1/1
   161 | D:1      | Reached XP level 2. HP: 22/24 MP: 2/2
   717 | D:1      | Reached XP level 3. HP: 29/29 MP: 3/3
  1362 | D:2      | Reached XP level 4. HP: 37/37 MP: 4/4
  1756 | D:3      | Reached skill level 3 in Long Blades
  1756 | D:3      | Reached XP level 5. HP: 42/42 MP: 5/5
  1850 | D:3      | Reached XP level 6. HP: 13/49 MP: 6/6
  2088 | D:3      | Found a glowing golden altar of the Shining One.
  2224 | D:3      | Reached skill level 5 in Shields
  3246 | D:4      | Noticed an ogre
  3252 | D:4      | Killed an ogre
  3252 | D:4      | Reached XP level 7. HP: 55/55 MP: 7/7
  3308 | D:4      | Reached skill level 5 in Fighting
  3308 | D:4      | Reached skill level 4 in Long Blades
  3308 | D:4      | Reached skill level 5 in Armour
  3889 | D:5      | Entered Level 5 of the Dungeon
  3923 | D:5      | Reached XP level 8. HP: 57/63 MP: 8/8
  3995 | D:5      | Reached skill level 5 in Long Blades
  4119 | D:5      | Found a glowing drain.
  4183 | Sewer    | Entered a sewer
  4390 | D:5      | Noticed ShutUppercut's ghost (novice HOMo)
  4418 | D:5      | Killed ShutUppercut's ghost
  4418 | D:5      | Reached skill level 7 in Long Blades
  4418 | D:5      | Reached XP level 9. HP: 59/69 MP: 9/9
  4677 | D:5      | Found a shimmering altar of Xom.
  5058 | D:6      | Noticed THUG4L1F3's ghost (novice DsGl)
  5312 | D:5      | Reached skill level 8 in Long Blades
  6183 | D:6      | Upgraded the game from 0.22-a0-315-ge0921bb to 0.22-a0-422-g9628fc8
  6458 | D:6      | Mangled by THUG4L1F3's ghost

Vault maps used:
D:1:      onia_arrival_mini_maze_b, minmay_misc_feat_columns,
          due_unseen_surprise
D:3:      cheibrodos_old_hovel, tso_altar, serial_corexii_hall,
          corexii_hall_statues_x, corexii_hall_statues_x, first_ration
D:5:      portal_sewer_entry_a, tgw_xom
D:6:      temple_statues, minmay_ruffians
Sewer:    sewer_big_baddie

Skill      XL: |  1  2  3  4  5  6  7  8  9 |
---------------+----------------------------+-----
Shields        | 4 5 6 |  6.1
Fighting       | 4 5 6 |  6.0
Armour         | 4 5 6 |  6.0
Long Blades    | 3 4 7 8 |  8.7

Action                   |  1- 3 |  4- 6 |  7- 9 || total
-------------------------+-------+-------+-------++-------
Melee: Long sword        |    90 |   221 |   357 ||   668
 Abil: Dig               |     1 |     1 |     2 ||     4
  Use: Scroll            |       |       |     7 ||     7
  Eat: Chunk             |     2 |     6 |    10 ||    18
Armor: Scale mail        |    43 |    96 |    97 ||   236
Dodge: Dodged            |    26 |    78 |    97 ||   201
Block: Shield            |    43 |   134 |   194 ||   371
       Rpst.: Long sword |    12 |    21 |    34 ||    67

Table legend:
 A = Spawn XP
 B = Non-spawn XP
 C = Spawn XP percentage of total XP
 D = Spawn monster count
 E = Non-spawn monster count
 F = Spawn count percentage of total count
 G = Total turns spent on level
                    A         B        C        D         E        F      G
               +---------+---------+-------+---------+---------+-------+---------
         Total |       0 |    2566 |   0.0 |       0 |     155 |   0.0 |  6458
               +---------+---------+-------+---------+---------+-------+---------
           D:1 |       0 |      31 |   0.0 |       0 |      22 |   0.0 |  1053
           D:2 |       0 |      86 |   0.0 |       0 |      23 |   0.0 |   667
           D:3 |       0 |     281 |   0.0 |       0 |      40 |   0.0 |  1494
           D:4 |       0 |     574 |   0.0 |       0 |      30 |   0.0 |   675
           D:5 |       0 |    1443 |   0.0 |       0 |      30 |   0.0 |  2180
           D:6 |       0 |      42 |   0.0 |       0 |       4 |   0.0 |   214
         Sewer |       0 |     109 |   0.0 |       0 |       6 |   0.0 |   175
               +---------+---------+-------+---------+---------+-------+---------
